 Dungeon Crawl Stone Soup version 0.26.1-11-gd32895ea62 (webtiles) character file.

Game seed: 9785354024680574493

438 Zeld the Chucker (level 7, 0/45 HPs)
             Began as an Octopode Brigand on May 16, 2021.
             Succumbed to a gnoll's poison
             ... on level 3 of the Dungeon.
             The game lasted 00:04:28 (6737 turns).

Zeld the Chucker (Octopode Brigand)                 Turns: 6737, Time: 00:04:29

Health: 0/45       AC:  1    Str: 13    XL:     7   Next: 1%
Magic:  12/12      EV: 13    Int: 13    God:
Gold:   82         SH:  0    Dex: 13    Spells: 13/13 levels left

rFire    . . .     SeeInvis .   a - +2 dagger
rCold    . . .     Faith    .   (no shield)
rNeg     . . .     Spirit   .   (helmet restricted)
rPois    .         Reflect  .   (no amulet)
rElec    .         Harm     .   (no ring)
rCorr    .         Rampage  .   (no ring)
Will     .....                  (no ring)
Stlth    ++++......             (no ring)
HPRegen  0.15/turn              (no ring)
MPRegen  0.13/turn              (no ring)
                                (no ring)
                                (no ring)

@: lethally poisoned (0 -> -7)
A: almost no armour, stealthy swim, amphibious, 8 rings, constrict 8, camouflage
1, gelatinous body 1
a: no special abilities


You were on level 3 of the Dungeon.
You visited 1 branch of the dungeon, and saw 3 of its levels.

You collected 82 gold pieces.

Inventory:

Hand Weapons
 a - a +2 dagger (weapon)
Missiles
 b - 21 poisoned darts (quivered)
 c - 2 curare-tipped darts
Jewellery
 f - an uncursed amulet of faith {unknown}
Scrolls
 e - 2 scrolls of teleportation {unknown}
 g - a scroll of magic mapping {unknown}
 h - 5 scrolls of identify {unknown}
 l - a scroll of enchant armour {unknown}
 m - a scroll of fear {unknown}
 n - a scroll of remove curse {unknown}
 p - a scroll of enchant weapon {unknown}
Potions
 d - a potion of curing {unknown}
 i - 2 potions of haste {unknown}
 j - a potion of magic {unknown}
 k - a potion of resistance {unknown}
 o - a potion of mutation {unknown}


   Skills:
 - Level 2.0 Fighting
 - Level 2.0 Short Blades
 - Level 6.0 Throwing
 - Level 1.0 Dodging
 - Level 5.3 Stealth
 + Level 3.5 Spellcasting


You had 13 spell levels left.
You didn't know any spells.
Your spell library was empty.

Dungeon Overview and Level Annotations

Branches:
Dungeon (3/15)

Altars:
Kikubaaqudgha
Makhleb
Sif Muna
The Shining One


Innate Abilities, Weirdness & Mutations

You cannot wear most types of armour.
You are very stealthy in the water. (Stealth+)
You are amphibious.
You can wear up to eight rings at the same time.
You can use your tentacles to constrict eight enemies at once.
Your skin changes colour to match your surroundings (Stealth+).
Your rubbery body absorbs attacks. (AC +1, EV +1)


Message History

The poisoned dart barely misses you.
You have reached level 7!
The gnoll hits you with a cursed -2 halberd!
You see here a +0 halberd.
You are too injured to fight recklessly!
You are too injured to fight recklessly!
You are too injured to fight recklessly!
Unknown command.
The gnoll throws a poisoned dart.
The poisoned dart hits you!
You are poisoned.
The gnoll hits you from afar with a cursed -2 halberd!
* * * LOW HITPOINT WARNING * * *
There is a huge open gate, spattered with blood here.
You see here a poisoned dart.
* * * LOW HITPOINT WARNING * * *
You feel sick.
* * * LOW HITPOINT WARNING * * *
You feel sick.
You see here a +0 club.
You die...

_# ..# ## ###.# #.# #. #...
#.#####.
###################.######(......
..............).........g........
≈≈≈≈≈≈≈≈≈≈≈≈≈≈≈≈≈≈....)≈)≈≈≈≈≈≈≈≈
≈≈≈≈≈≈≈≈≈≈≈≈≈≈≈≈≈≈....)≈≈≈≈≈≈≈≈≈≈
≈#####≈≈≈≈≈≈)≈≈)≈≈....≈≈≈≈≈≈(≈≈≈≈
≈#...#.†........@)....).....(.)..
≈#...#############'g''###########
≈###'# ..... #.)).# . ≈≈.#..
......#)...#.... ≈≈.#.#.
......'..|.'.... ≈≈.#.##
################ ≈≈.# ≈≈.# ≈≈.#.#


You could see a gnoll.

Vanquished Creatures
  A gnoll sergeant (D:3)
  A gnoll shaman (D:3)
  26 gnolls
  An adder (D:2)
  An ooze (D:1)
  A worm (D:2)
  2 dart slugs (D:2)
  A leopard gecko (D:2)
  An orc (D:3)
  2 bats (D:2)
  2 giant cockroaches (D:2)
  7 goblins
  9 hobgoblins
  13 jackals (D:3)
  4 kobolds
  A ball python (D:1)
  5 frilled lizards
  5 rats
83 creatures vanquished.

Vanquished Creatures (others)
  A human (D:2)
  2 plants (D:3)
3 creatures vanquished.

Grand Total: 86 creatures vanquished

Notes
Turn   | Place    | Note
-------+----------+-------------------------------------------
     0 | D:1      | Zeld the Octopode Brigand began the quest for the Orb.
     0 | D:1      | Reached XP level 1. HP: 14/14 MP: 1/1
   387 | D:1      | Reached XP level 2. HP: 19/19 MP: 2/2
   758 | D:1      | Reached skill level 1 in Spellcasting
   842 | D:1      | Reached skill level 3 in Throwing
  1140 | D:2      | Reached XP level 3. HP: 23/24 MP: 4/4
  1734 | D:2      | Found an ancient bone altar of Kikubaaqudgha.
  1734 | D:2      | Noticed a human
  1752 | D:2      | Killed a human
  1923 | D:2      | Found a shimmering blue altar of Sif Muna.
  1923 | D:2      | Found a burning altar of Makhleb.
  1926 | D:2      | Reached XP level 4. HP: 26/29 MP: 6/6
  3314 | D:2      | Reached skill level 4 in Throwing
  3485 | D:3      | Reached XP level 5. HP: 26/34 MP: 6/8
  4555 | D:3      | Found a glowing golden altar of the Shining One.
  5492 | D:3      | Reached skill level 5 in Throwing
  5496 | D:3      | Reached XP level 6. HP: 26/39 MP: 9/9
  6689 | D:3      | Reached skill level 6 in Throwing
  6733 | D:3      | Reached XP level 7. HP: 29/45 MP: 12/12
  6734 | D:3      | HP: 2/45 [gnoll/cursed -2 halberd (16)]
  6737 | D:3      | Succumbed to a gnoll's poison

Illustrated notes

Levels and vault maps discovered:
D:1:      roderic_crop_circles_arrival_small, layout_loops_ring
D:2:      layout_loops_corners, gammafunk_temple_overflow_pools,
          corexii_corridor_pit, tgw_kikubaaqudgha
D:3:      lemuel_castle_with_subvaults [lemuel_castle_interior_carwin_3],
          layout_basic, overflow_temple_1_default,
          minmay_randomly_rotated_circles, uniq_grinder

Skill      XL: |  1  2  3  4  5  6 |
---------------+-------------------+-----
Spellcasting   | 1 2 3 |  3.5
Throwing       | 3 4 5 6 |  6.0
Fighting       | |  2.0
Short Blades   | |  2.0
Dodging        | |  1.0
Stealth        | |  5.3

Action                   |  1- 3 |  4- 6 |  7- 9 || total
-------------------------+-------+-------+-------++-------
Melee: Dagger            |    58 |   148 |       ||   206
       Constrict         |    13 |    38 |       ||    51
       Tentacles         |     5 |    40 |       ||    45
Throw: Dart              |       |     9 |       ||     9
 Stab: Sleeping          |    12 |     8 |       ||    20
       Distracted        |     1 |     1 |       ||     2
Armor: Skin              |     2 |     4 |       ||     6
Dodge: Dodged            |    28 |    82 |       ||   110
